 Dungeon Crawl Stone Soup version 0.26.0-10-g1f06aea511 (webtiles) character file.

Game seed: 17866349487604225671

196 Borgoz the Slasher (level 5, -1/45 HPs)
             Began as a Ghoul Gladiator on Jan 14, 2021.
             Slain by a gnoll
             ... wielding a +0 spear
              (2 damage)
             ... on level 3 of the Dungeon.
             The game lasted 00:03:36 (3489 turns).

Borgoz the Slasher (Ghoul Gladiator)                Turns: 3489, Time: 00:03:37

Health: -1/45      AC:  8    Str: 18    XL:     5   Next: 74%
Magic:  4/4        EV: 12    Int:  3    God:
Gold:   108        SH:  0    Dex: 11    Spells: 4/4 levels left

rFire    . . .     SeeInvis .   a - +0 long sword
rCold    + + .     Faith    .   (no shield)
rNeg     + + +     Spirit   .   b - +0 leather armour
rPois    ∞         Reflect  .   c - +0 helmet
rElec    .         Harm     .   (no cloak)
rCorr    .         Rampage  .   (no gloves)
Will     .....                  (no boots)
Stlth    +.........             (no amulet)
HPRegen  0.00/turn              g - +4 ring of protection
MPRegen  0.09/turn              j - ring of protection from cold

@: no status effects
A: claws 1, cold resistance 1, negative energy resistance 3, inhibited
regeneration, torment resistance, unbreathing
a: no special abilities


You were on level 3 of the Dungeon.
You visited 1 branch of the dungeon, and saw 3 of its levels.

You collected 108 gold pieces.

Inventory:

Hand Weapons
 a - a +0 long sword (weapon)
Missiles
 d - 3 throwing nets (quivered)
Armour
 b - a +0 leather armour (worn)
 c - a +0 helmet (worn)
Jewellery
 g - a +4 ring of protection (left claw)
 j - a ring of protection from cold (right claw)
Scrolls
 i - 3 scrolls of enchant armour {unknown}
 l - 2 scrolls of random uselessness {unknown}
Potions
 e - a potion of degeneration {unknown}
 f - a potion of heal wounds
 h - 2 potions of magic


   Skills:
 + Level 3.1 Fighting
 * Level 4.0 Long Blades
 - Level 1.7 Throwing
 * Level 2.5 Armour
 + Level 3.3 Dodging


You had 4 spell levels left.
You didn't know any spells.
Your spell library was empty.

Dungeon Overview and Level Annotations

Branches:
Dungeon (3/15)

Altars:
Yredelemnul


Innate Abilities, Weirdness & Mutations

You thrive by killing the living.
You are immune to poison.
You have sharp fingernails.
Your flesh is cold resistant. (rC+)
You are immune to negative energy. (rN+++)
You do not regenerate when monsters are visible.
You are immune to unholy pain and torment.
You can survive without breathing.


Message History

You hit the gnoll but do no damage.
The giant cockroach bites you but does no damage.
The gnoll hits you but does no damage. The orc priest barely misses you.
You closely miss the gnoll. The giant cockroach closely misses you.
The gnoll closely misses you. The orc priest completely misses you.
The giant cockroach completely misses you.
You hit the gnoll.
The gnoll is lightly wounded.
The gnoll hits you with a +0 spear!
The orc priest calls down the wrath of Beogh upon you.
Beogh smites you!
The orc priest hits you but does no damage.
The giant cockroach closely misses you. The gnoll hits you but does no damage.
You are too injured to fight recklessly!
You are too injured to fight recklessly!
The orc priest mumbles some strange prayers to Beogh against you.
Beogh smites you!
* * * LOW HITPOINT WARNING * * *
The gnoll hits you from afar with a +0 spear.
You die...

#####># ..... #...#
#...# #####!..#####
###...........#.#
.......$........#
#.....@Bgo..#
###.#...#.### #
#...#.# .# #.o.#.#
#.# #.).#.# #.#####
#.##<##.# ####(#....
#..[.(.o# ##........#
#.....o.###.....#.#.#
#..#.##.##..g.....#.#


You could see 2 orc priests, a gnoll and a giant cockroach.

Vanquished Creatures
  Robin (D:2)
  4 gnolls
  4 adders
  2 oozes
  A worm (D:2)
  3 dart slugs (D:2)
  6 leopard geckos
  5 orcs
  2 giant cockroaches (D:2)
  6 goblins
  10 hobgoblins
  6 jackals
  A quokka (D:3)
  A ball python (D:1)
  7 bats
  A frilled lizard (D:2)
  8 kobolds
  A leopard gecko skeleton (D:2)
  10 rats
  A spectral orc (D:2)
80 creatures vanquished.

Notes
Turn   | Place    | Note
-------+----------+-------------------------------------------
     0 | D:1      | Borgoz the Ghoul Gladiator began the quest for the Orb.
     0 | D:1      | Reached XP level 1. HP: 17/17 MP: 0/0
   187 | D:1      | Reached XP level 2. HP: 20/24 MP: 1/1
   424 | D:1      | Reached skill level 3 in Long Blades
   590 | D:1      | Reached skill level 1 in Armour
   590 | D:1      | Reached XP level 3. HP: 30/30 MP: 2/2
  1482 | D:2      | Reached XP level 4. HP: 17/37 MP: 3/3
  1954 | D:2      | Reached XP level 5. HP: 40/44 MP: 4/4
  2109 | D:2      | Found a basalt altar of Yredelemnul.
  2508 | D:2      | Noticed Robin
  2518 | D:2      | Killed Robin
  2986 | D:3      | Reached skill level 4 in Long Blades
  3489 | D:3      | HP: 1/45 [orc priest/divine providence (14)]
  3489 | D:3      | Slain by a gnoll

Illustrated notes

Levels and vault maps discovered:
D:1:      dpeg_arrival_connections, layout_basic
D:2:      layout_basic, yredelemnul_forgotten_temple_becter, uniq_robin
D:3:      lemuel_castle_with_subvaults [lemuel_castle_interior_carwin_2],
          layout_loops_cross, uniq_ijyb, uniq_grinder, uniq_sigmund

Skill      XL: |  1  2  3  4  5 |
---------------+----------------+-----
Long Blades    | 3 4 |  4.0
Armour         | 1 2 |  2.5
Dodging        | 3 |  3.3
Fighting       | 3 |  3.1
Throwing       | |  1.7

Action                   |  1- 3 |  4- 6 || total
-------------------------+-------+-------++-------
Melee: Long sword        |    85 |   153 ||   238
Throw: Throwing net      |     1 |       ||     1
  Use: Scroll            |     2 |     2 ||     4
       Potion            |     1 |       ||     1
Armor: Leather armour    |    36 |    95 ||   131
Dodge: Dodged            |   101 |   156 ||   257
       Rpst.: Long sword |    27 |    38 ||    65
